 Dungeon Crawl Stone Soup version 0.29.1-13-g9f3cf754e1 (webtiles) character file.

Game seed: 14626676647640542162

212 shadowmeld the Sneak (level 5, 0/25 HPs)
             Began as a Spriggan Enchanter on Jan 27, 2023.
             Slain by a gnoll
             ... wielding a +0 spear
              (4 damage)
             ... on level 4 of the Dungeon.
             The game lasted 00:24:10 (3819 turns).

shadowmeld the Sneak (Spriggan Enchanter)           Turns: 3819, Time: 00:24:11

Health: 0/25       AC:  5    Str:  4    XL:     5   Next: 58%
Magic:  11/11      EV: 18    Int: 17    God:
Gold:   169        SH:  0    Dex: 17    Spells: 9/11 levels left

rFire   . . .      SeeInvis +   a - +1 dagger
rCold   . . .      Faith    .   (no shield)
rNeg    . . .      Spirit   .   s - +2 animal skin
rPois   .          Reflect  .   (helmet restricted)
rElec   .          Harm     .   x - +0 cloak
rCorr   .          Rampage  .   (gloves unavailable)
Will    .....                   (boots unavailable)
Stlth   ++++......              j - amulet of the acrobat
HPRegen 0.08/turn               (no ring)
MPRegen 0.12/turn               (no ring)

@: very quick
A: very small, no large weapons, unfitting armour, see invisible, speed 3
a: no special abilities


You were on level 4 of the Dungeon.
You visited 1 branch of the dungeon, and saw 4 of its levels.

You collected 169 gold pieces.

Inventory:

Hand Weapons
 a - a +1 dagger (weapon)
 r - a +0 dagger of venom
 t - a +0 sling
Missiles
 d - 27 stones (quivered)
Armour
 b - a +0 robe
 s - a +2 animal skin (worn)
 u - a +0 helmet
 x - a +0 cloak (worn)
Magical Staves
 w - a staff of air
Jewellery
 j - an amulet of the acrobat (around neck)
Scrolls
 h - a scroll of enchant armour {unknown}
 k - 3 scrolls of teleportation {unknown}
 m - a scroll of silence {unknown}
 n - a scroll of immolation {unknown}
 p - a scroll of identify {unknown}
 q - 2 scrolls of enchant weapon {unknown}
 v - a scroll of fear {unknown}
Potions
 c - 3 potions of invisibility
 e - 3 potions of lignification {unknown}
 f - 3 potions of haste {unknown}
 g - a potion of berserk rage {unknown}
 i - a potion of curing {unknown}
 l - 3 potions of heal wounds {unknown}
 o - 2 potions of flight {unknown}


   Skills:
 * Level 1.1 Fighting
 + Level 1.6 Short Blades
 * Level 3.5 Dodging
 * Level 7.0 Stealth
 * Level 3.7 Spellcasting
 + Level 4.5 Hexes
 + Level 0.4 Ice Magic


You had 9 spell levels left.
You knew the following spells:

 Your Spells              Type           Power      Damage    Failure   Level
a - Ensorcelled Hibernat  Hex/Ice        22%        N/A       9%          2

Your spell library contained the following spells:

 Spells                   Type           Power      Damage    Failure   Level
 Confusing Touch          Hex            18%        N/A       8%          3
 Tukima's Dance           Hex            18%        N/A       8%          3
 Dazzling Flash           Conj/Hex       20%        N/A       19%         3
 Gell's Gravitas          Tloc           3%         N/A       43%         3
 Teleport Other           Tloc           3%         N/A       43%         3
 Dispersal                Tloc           1%         N/A       100%        6


Dungeon Overview and Level Annotations

Branches:
Dungeon (4/15)
 Temple: D:4-7

Altars:
Qazlal


Innate Abilities, Weirdness & Mutations

You are very small and have problems with some larger weapons.
You are too small for most types of armour.
You have supernaturally acute eyesight. (SInv)
You cover ground extremely quickly. (Speed+++)


Message History

You barely miss the gnoll.
The gnoll is heavily wounded.
The gnoll closely misses you.
You hit the gnoll but do no damage.
The gnoll is heavily wounded.
The gnoll hits you from afar with a +0 spear.
The gnoll hits you with a +0 club.
You hit the gnoll.
The gnoll is severely wounded.
The dart slug launches a dart at you. The slug dart hits you.
The gnoll closely misses you.
The gnoll hits you from afar with a +0 spear.
* * * LOW HITPOINT WARNING * * *
You hit the gnoll but do no damage.
The gnoll is severely wounded.
The gnoll completely misses you. The dart slug launches a dart at you.
The slug dart misses you.
The slug dart hits the demonic plant.
The demonic plant begins to die.
You hit the gnoll but do no damage.
The gnoll is severely wounded.
The gnoll hits you with a +0 club.
* * * LOW HITPOINT WARNING * * *
You barely miss the gnoll.
The gnoll is severely wounded.
The gnoll misses you.
You hit the gnoll.
The gnoll is almost dead.
You hit the gnoll.
You kill the gnoll!
The gnoll completely misses you.
Your Stealth skill increases to level 7!
You hit the dart slug.
The dart slug is lightly wounded.
A nearby demonic plant withers and dies.
The gnoll closely misses you. The dart slug closely misses you.
You hit the dart slug but do no damage.
The dart slug is lightly wounded.
The gnoll hits you from afar with a +0 spear.
You die...

### #.# #. #.# #.# #.
#.# #.## ##.. #.###..#
..... #......# ..$.#
#.##...####
#..#####.##......#
#.......##......##
###.♣...@........#
#.P..w##....!.....
#..♣.g)#...##....#
#####♣..♣#.#...##....#.
...........S.....#......
.####.##.#.#............
#. #.#.(.......[....
#.##.#.##....#......
#......†............


You could see a gnoll and a dart slug.

Vanquished Creatures
  Jessica (D:2)
  Natasha (D:2)
  Robin (D:3)
  2 gnolls (D:4)
  4 adders
  A worm (D:2)
  5 dart slugs
  3 orcs (D:3)
  5 ball pythons
  5 endoplasms
  4 giant cockroaches (D:1)
  17 goblins
  6 hobgoblins
  7 jackals (D:1)
  3 quokkas
  5 bats
  2 frilled lizards
  A kobold (D:2)
  4 rats
77 creatures vanquished.

Vanquished Creatures (others)
  3 demonic plants (D:4)
3 creatures vanquished.

Grand Total: 80 creatures vanquished

Notes
Turn   | Place    | Note
-------+----------+-------------------------------------------
     0 | D:1      | shadowmeld the Spriggan Enchanter began the quest for the
                  | Orb.
     0 | D:1      | Reached XP level 1. HP: 9/9 MP: 5/5
   336 | D:1      | Reached XP level 2. HP: 6/13 MP: 6/6
   339 | D:1      | Learned a level 2 spell: Ensorcelled Hibernation
   805 | D:1      | Reached skill level 5 in Stealth
   957 | D:1      | Reached XP level 3. HP: 9/16 MP: 1/8
  1667 | D:2      | Noticed Jessica
  1675 | D:2      | Killed Jessica
  1676 | D:2      | Reached XP level 4. HP: 21/21 MP: 0/9
  1691 | D:2      | Found a faded altar of an unknown god.
  1864 | D:2      | Reached skill level 6 in Stealth
  1937 | D:2      | Noticed Natasha
  1944 | D:2      | Killed Natasha
  2047 | D:2      | Found a stormy altar of Qazlal.
  2428 | D:2      | Reached skill level 1 in Fighting
  2474 | D:2      | Reached XP level 5. HP: 24/25 MP: 4/11
  2683 | D:3      | Noticed Robin
  2735 | D:3      | Killed Robin
  3818 | D:4      | Reached skill level 7 in Stealth
  3819 | D:4      | Slain by a gnoll

Illustrated notes

Levels and vault maps discovered:
D:1:      nagdon_arrival_double_spiral, layout_loops_ring, dk_noncrumbling_4,
          chequers_garden
D:2:      layout_basic, nicolae_ecumenical_snake_handling, basic_altar,
          chequers_serial_rivers_micro_e, uniq_jessica, uniq_natasha
D:3:      layout_loops_ring, uniq_robin
D:4:      layout_basic, serial_demonic, serial_demonic_b, serial_demonic_b,
          serial_demonic_d, serial_demonic_a

Skill      XL: |  1  2  3  4  5 |
---------------+----------------+-----
Hexes          | 4 |  4.5
Stealth        | 5 6 7 |  7.0
Spellcasting   | 3 |  3.7
Dodging        | 3 |  3.5
Fighting       | 1 |  1.1
Short Blades   | |  1.6
Ice Magic      | |  0.4

Action                   |  1- 3 |  4- 6 || total
-------------------------+-------+-------++-------
Melee: Dagger            |    94 |    99 ||   193
       Punch             |     1 |       ||     1
 Cast: Ensorcelled Hiber |    24 |    25 ||    49
 Stab: Sleeping          |    20 |    23 ||    43
Armor: Robe              |    11 |     1 ||    12
       Animal skin       |       |     4 ||     4
Dodge: Dodged            |    83 |    78 ||   161
